 Dungeon Crawl Stone Soup version 0.27.1-34-g3ba077fa99 (webtiles) character file.

Game seed: 13353254598275693476

42 KamiKatze the Skirmisher (level 3, 0/33 HPs)
             Began as a Ghoul Monk on Jan 2, 2022.
             Slain by a hound (1 damage)
             ... on level 3 of the Dungeon.
             The game lasted 00:05:12 (1701 turns).

KamiKatze the Skirmisher (Ghoul Monk)               Turns: 1701, Time: 00:05:13

Health: 0/33       AC:  7    Str: 15    XL:     3   Next: 54%
Magic:  2/2        EV: 11    Int:  5    God:
Gold:   83         SH:  0    Dex: 11    Spells: 2/2 levels left

rFire    . . .     SeeInvis .   a - +0 hand axe
rCold    + . .     Faith    .   (no shield)
rNeg     + + +     Spirit   .   r - +0 ring mail
rPois    ∞         Reflect  .   (no helmet)
rElec    .         Harm     .   (no cloak)
rCorr    .         Rampage  .   h - +1 pair of gloves
Will     +....                  (no boots)
Stlth    +.........             (no amulet)
HPRegen  0.00/turn              o - ring of willpower
MPRegen  0.08/turn              (no ring)

@: inhibited regen
A: claws 1, cold resistance 1, negative energy resistance 3, inhibited
regeneration, torment resistance 2
a: no special abilities


You were on level 3 of the Dungeon.
You visited 1 branch of the dungeon, and saw 3 of its levels.

You collected 83 gold pieces.

Inventory:

Hand Weapons
 a - a +0 hand axe (weapon)
Missiles
 c - 6 javelins
 f - 85 stones (quivered)
Armour
 h - a +1 pair of gloves (worn)
 i - a +0 chain mail
 r - a +0 ring mail (worn)
Jewellery
 o - a ring of willpower (left hand)
Wands
 k - a wand of digging (4)
Scrolls
 d - a scroll of silence {unknown}
 g - a scroll of identify {unknown}
 n - a scroll of amnesia {unknown}
 p - a scroll of fog {unknown}
Potions
 e - a potion of flight {unknown}
 j - a potion of curing {unknown}
 l - a potion of lignification {unknown}
 m - a potion of ambrosia {unknown}


   Skills:
 + Level 3.7 Fighting
 * Level 3.4 Axes
 + Level 3.1 Dodging
 - Level 2.1 Stealth


You had 2 spell levels left.
You didn't know any spells.
Your spell library contained the following spells:

 Spells                   Type           Power      Damage    Failure   Level
 Conjure Ball Lightning   Conj/Air       0%         3x3d6     100%        6
 Discord                  Hex            0%         N/A       100%        8
 Disjunction              Tloc           0%         N/A       100%        8


Dungeon Overview and Level Annotations

Branches:
Dungeon (3/15)

Altars:
Qazlal

Shops:
D:2 (


Innate Abilities, Weirdness & Mutations

You thrive by killing the living.
You are immune to poison.
You have sharp fingernails.
Your flesh is cold resistant. (rC+)
You are immune to negative energy. (rN+++)
You do not regenerate when monsters are visible.
You are immune to unholy pain and torment.


Message History

You closely miss the hound. The hound barely misses you.
The hound closely misses you.
You barely miss the hound. The hound barely misses you.
You barely miss the hound. The hound barely misses you. x2
You barely miss the hound. The hound bites you. The hound misses you.
Your ring mail prevents you from hitting the hound.
The hound misses you. The hound closely misses you.
You slash the hound!
The hound is heavily wounded.
The frilled lizard unfolds its giant frill.
The hound bites you but does no damage.
You hit the hound.
The hound is heavily wounded.
The hound bites you but does no damage. The hound barely misses you.
You barely miss the hound.
The hound is heavily wounded.
The hound bites you.
* * * LOW HITPOINT WARNING * * *
The hound barely misses you.
You closely miss the hound.
The hound is heavily wounded.
The hound bites you but does no damage. The hound closely misses you.
You hit the hound but do no damage.
The hound is heavily wounded.
The hound bites you but does no damage.
You closely miss the hound.
The hound is heavily wounded.
The hound bites you but does no damage. The hound bites you.
* * * LOW HITPOINT WARNING * * *
You closely miss the hound.
The hound is heavily wounded.
The hound bites you but does no damage. The hound bites you.
* * * LOW HITPOINT WARNING * * *
You barely miss the hound.
The hound is heavily wounded.
The hound closely misses you.
It was a potion of magic.
Magic courses through your body. The hound bites you.
* * * LOW HITPOINT WARNING * * *
The hound bites you.
You die...

######.########
.....##
.......>.......
.......
######...#####
.....#. #.#.##
....... #.#..##
##.....## #.##..##
###........ #[###..##
#gl.g.....# #.#
##†.###h##.....## #.#
##..##@# .....# #
#.######....# #....#
#
..........####>..[...
###
..................###
..##
..........##....#.#
#..##............ #.#
l# ..........##....##
# ##...#.... ##....
.#.###..# #.#...


You could see a hound, a hobgoblin and a frilled lizard.

Vanquished Creatures
  A worm (D:3)
  4 ball pythons
  5 bats
  5 endoplasms
  3 giant cockroaches
  3 goblins
  3 hobgoblins
  A quokka (D:1)
  4 kobolds
  7 rats
36 creatures vanquished.

Notes
Turn   | Place    | Note
-------+----------+-------------------------------------------
     0 | D:1      | KamiKatze the Ghoul Monk began the quest for the Orb.
     0 | D:1      | Reached XP level 1. HP: 19/19 MP: 0/0
   495 | D:1      | Reached XP level 2. HP: 26/26 MP: 1/1
   867 | D:2      | Found a stormy altar of Qazlal.
   974 | D:2      | Found a faded altar of an unknown god.
  1044 | D:2      | Reached XP level 3. HP: 30/31 MP: 2/2
  1109 | D:2      | Found Woociasm's Antique Weapon Boutique.
  1701 | D:3      | HP: 1/33 [hound (4)]
  1701 | D:3      | Slain by a hound

Illustrated notes

Levels and vault maps discovered:
D:1:      nicolae_arrival_memento_mori, layout_basic, minmay_misc_feat_encased
D:2:      layout_basic, serial_shops, shop, basic_altar,
          hellmonk_ecumenical_altar_lost_god
D:3:      layout_rooms, uniq_crazy_yiuf_cottage

Skill      XL: |  1  2 |
---------------+-------+-----
Axes           | 3 |  3.4
Dodging        | 3 |  3.1
Fighting       | |  3.7
Stealth        | |  2.1

Action                   || total
-------------------------++-------
Melee: Hand axe          ||   117
  Use: Potion            ||     1
 Stab: Sleeping          ||     7
Armor: Robe              ||    21
       Ring mail         ||    10
Dodge: Dodged            ||    73
